Map: Frost LE

Players

KIRA

  • Race: Protoss Protoss
  • League: Silver
  • Spawn Location: 1:00

Fropez - Winner!

  • Race: Protoss Protoss
  • League: Silver
  • Spawn Location: 7:00

VOD

Have the link to the VOD?

Description

Time

  • Played on: June 15, 2016, 2:41 p.m.
  • Length: 15:27
Show
View Real Time Build Order
Export as new Build Order

KIRA Protoss 

Build Orders:  

Get SALT Encoding   

  12  0:01  Probe (Chrono Boost)  
  13  0:14  Pylon  
  13  0:17  Probe (Chrono Boost)  
  14  0:27  Probe (Chrono Boost)  
  15  0:38  Gateway  
  15  0:41  Probe (Chrono Boost)  
  16  0:52  Probe (Chrono Boost)  
  16  0:56  Assimilator  
  17  1:03  Pylon  
  18  1:04  Probe (Chrono Boost)  
  18  1:14  Probe (Chrono Boost)  
  19  1:29  Cybernetics Core  
  19  1:37  Probe (Chrono Boost)  
  20  1:51  Nexus  
  20  1:53  Probe (Chrono Boost)  
  21  2:07  Warp Gate (Chrono Boost)  
  21  2:13  Assimilator  
  21  2:14  Probe  
  22  2:21  Pylon  
  22  2:26  Probe  
  23  2:39  Probe  
  24  2:48  Gateway  
  24  2:51  Pylon, Probe  
  24  2:55  Adept  
  27  3:06  Probe  
  27  3:07  Probe  
  29  3:17  Probe  
  29  3:19  Probe  
  31  3:27  Probe  
  31  3:31  Twilight Council, Probe  
  33  3:35  Stargate  
  33  3:40  Stalker  
  35  3:51  Probe x2 (Chrono Boost)  
  38  4:02  Probe (Chrono Boost)  
  38  4:03  Probe (Chrono Boost)  
  38  4:08  Pylon  
  39  4:10  Resonating Glaives (Chrono Boost)  
  39  4:14  Mothership Core  
  41  4:20  Oracle  
  41  4:23  Probe  
  44  4:28  Assimilator  
  44  4:31  Assimilator  
  45  4:33  Probe  
  45  4:35  Probe  
  47  4:43  Robotics Facility  
  47  4:47  Pylon, Probe  
  47  4:49  Probe  
  49  4:59  Probe  
  50  5:00  Probe  
  51  5:08  Oracle  
  51  5:10  Probe  
  51  5:11  Probe  
  56  5:17  Stalker x2  
  60  5:33  Observer  
  60  5:35  Probe  
  58  5:45  Probe, Blink (Chrono Boost)  
  55  5:56  Void Ray  
  59  6:02  Immortal  
  63  6:15  Pylon  
  63  6:18  Stalker  
  63  6:19  Stalker  
  67  6:34  Pylon  
  67  6:51  Void Ray  
  67  6:54  Immortal  
  75  6:59  Nexus  
  75  7:07  Nexus  
  75  7:40  Void Ray  
  75  7:43  Immortal  
  68  8:22  Adept x2  
  68  8:23  Immortal  
  76  8:27  Probe  
  76  8:30  Probe  
  78  8:36  Assimilator  
  78  8:37  Probe  
  78  8:39  Pylon  
  78  8:40  Probe  
  76  8:42  Pylon  
  76  8:44  Pylon  
  76  8:48  Probe  
  74  8:51  Probe  
  74  8:52  Phoenix  
  78  8:58  Probe  
  78  8:59  Pylon  
  78  9:01  Probe  
  78  9:02  Immortal  
  83  9:06  Forge  
  83  9:09  Probe  
  74  9:12  Probe  
  74  9:17  Phoenix  
  74  9:22  Stalker  
  74  9:23  Stalker  
  77  9:36  Stargate  
  77  9:42  Probe  
  77  9:44  Probe  
  78  9:52  Probe  
  78  9:55  Probe  
  77  10:03  Probe  
  77  10:05  Probe  
  71  10:08  Photon Cannon  
  71  10:14  Probe  
  70  10:16  Probe  
  72  10:24  Probe  
  72  10:25  Immortal  
  72  10:26  Probe  
  78  10:32  Photon Cannon  
  78  10:35  Probe  
  78  10:37  Pylon, Probe  
  80  10:43  Protoss Ground Weapons Level 1 (Chrono Boost)  
  80  10:45  Probe  
  80  10:47  Probe  
  80  10:48  Protoss Air Weapons Level 1  
  82  10:53  Phoenix x2  
  86  10:59  Probe  
  86  11:01  Probe  
  88  11:08  Assimilator  
  88  11:10  Probe  
  88  11:11  Assimilator  
  88  11:12  Probe  
  89  11:18  Probe  
  89  11:20  Probe  
  89  11:22  Phoenix x2, Probe  
  96  11:26  Immortal  
  96  11:31  Probe x2  
  102  11:33  Probe  
  102  11:34  Stargate  
  102  11:36  Stargate  
  103  11:41  Probe  
  103  11:43  Probe  
  103  11:46  Assimilator  
  105  11:54  Probe  
  105  11:57  Probe  
  107  12:04  Probe  
  107  12:07  Stargate  
  107  12:08  Probe  
  108  12:15  Probe  
  109  12:18  Probe  
  109  12:21  Photon Cannon  
  111  12:25  Probe  
  111  12:26  Fleet Beacon  
  111  12:28  Robotics Bay  
  112  12:31  Probe  
  113  12:37  Pylon  
  113  12:40  Pylon  
  113  12:43  Probe  
  113  12:44  Photon Cannon  
  114  12:56  Probe  
  107  13:08  Probe  
  75  13:20  Probe  
  75  13:25  Carrier  
  75  13:26  Carrier  
  88  13:32  Mothership Core  
  89  14:18  Nexus  
  89  14:24  Pylon  
  89  14:27  Pylon  
  89  14:29  Pylon  
  75  14:44  Photon Cannon  
  63  15:23  Stalker x2  
Show
View Real Time Build Order
Export as new Build Order

Fropez Protoss - Winner!

Build Orders: Nexus First 

Get SALT Encoding   

  12  0:02  Probe (Chrono Boost)  
  13  0:18  Pylon, Probe (Chrono Boost)  
  14  0:37  Probe (Chrono Boost)  
  15  0:47  Probe (Chrono Boost)  
  16  1:00  Nexus  
  16  1:05  Probe (Chrono Boost)  
  17  1:19  Gateway  
  17  1:20  Probe (Chrono Boost)  
  18  1:30  Probe (Chrono Boost)  
  19  1:40  Pylon  
  19  1:41  Probe (Chrono Boost)  
  19  1:43  Assimilator  
  20  1:51  Probe (Chrono Boost)  
  21  2:07  Cybernetics Core  
  21  2:11  Probe (Chrono Boost)  
  21  2:13  Probe (Chrono Boost)  
  23  2:21  Probe (Chrono Boost), Assimilator  
  24  2:27  Probe (Chrono Boost)  
  24  2:28  Pylon  
  25  2:32  Probe (Chrono Boost)  
  26  2:37  Probe (Chrono Boost)  
  27  2:45  Probe (Chrono Boost)  
  27  2:48  Warp Gate (Chrono Boost)  
  28  2:59  Probe (Chrono Boost)  
  28  3:00  Probe (Chrono Boost)  
  30  3:06  Assimilator  
  30  3:08  Assimilator  
  30  3:09  Pylon  
  30  3:14  Probe (Chrono Boost)  
  30  3:16  Probe (Chrono Boost)  
  32  3:20  Stargate  
  32  3:24  Probe (Chrono Boost)  
  33  3:29  Pylon  
  33  3:34  Probe (Chrono Boost)  
  34  3:41  Probe  
  35  3:48  Pylon  
  35  3:53  Probe  
  35  3:55  Probe  
  36  4:05  Fleet Beacon, Oracle  
  36  4:07  Probe  
  40  4:11  Probe  
  41  4:23  Gateway  
  41  4:27  Gateway  
  41  4:28  Probe x2  
  43  4:40  Probe x2  
  43  4:41  Phoenix (Chrono Boost)  
  43  4:44  Anion Pulse-Crystals  
  47  4:52  Probe  
  48  4:56  Protoss Air Weapons Level 1 (Chrono Boost)  
  48  5:05  Phoenix (Chrono Boost)  
  50  5:08  Probe  
  51  5:15  Probe  
  52  5:35  Phoenix (Chrono Boost)  
  54  5:54  Probe  
  54  5:56  Phoenix (Chrono Boost)  
  57  6:04  Stargate  
  57  6:06  Pylon, Probe  
  57  6:07  Probe  
  59  6:11  Pylon  
  59  6:14  Pylon  
  59  6:18  Phoenix (Chrono Boost), Probe  
  62  6:19  Probe, Robotics Facility  
  63  6:39  Probe  
  64  6:40  Nexus, Phoenix  
  66  6:48  Phoenix  
  66  6:52  Mothership Core  
  66  6:53  Probe  
  71  6:57  Pylon  
  71  7:05  Probe  
  71  7:06  Observer  
  71  7:08  Pylon, Phoenix  
  75  7:30  Phoenix (Chrono Boost)  
  75  7:33  Phoenix (Chrono Boost)  
  79  7:38  Protoss Air Weapons Level 2  
  79  7:54  Carrier (Chrono Boost)  
  79  7:56  Carrier (Chrono Boost)  
  87  8:54  Stalker x3  
  93  9:33  Carrier (Chrono Boost)  
  93  9:34  Carrier (Chrono Boost)  
  105  9:54  Protoss Air Armor Level 1  
  105  10:16  Stalker x3  
  111  10:22  Assimilator  
  111  10:23  Probe x2  
  111  10:24  Assimilator  
  111  10:28  Pylon  
  113  10:31  Pylon  
  113  10:42  Observer  
  120  10:48  Carrier x2 (Chrono Boost)  
  130  11:14  Probe x2  
  132  11:23  Stargate  
  132  11:25  Pylon, Stargate  
  132  11:27  Pylon  
  132  11:29  Pylon  
  132  11:30  Probe x2  
  132  11:31  Probe  
  135  11:47  Nexus  
  135  11:50  Assimilator  
  135  11:54  Assimilator  
  135  11:56  Pylon  
  135  11:59  Pylon  
  135  12:02  Phoenix x2 (Chrono Boost)  
  139  12:14  Nexus  
  139  12:16  Assimilator  
  139  12:21  Assimilator  
  139  12:23  Pylon  
  139  12:26  Pylon  
  139  12:36  Nexus  
  139  12:39  Stalker x3  
  139  12:40  Assimilator  
  139  12:41  Probe x2  
  139  12:42  Assimilator  
  147  12:45  Pylon  
  147  12:46  Pylon  
  146  13:23  Phoenix x2 (Chrono Boost)  
  154  13:27  Phoenix x2 (Chrono Boost)  
  142  14:11  Carrier x2 (Chrono Boost)  
Tags
 
Matchup
PvP
Replay Pack
All Mines
Spawn Locations
Cross Positions
Add a new tag
Caveats
  • Supply blocks, unpowered buildings, or Contaminate may cause inaccurate times.
  • Supply counts are checked every 10 seconds.